 Dungeon Crawl Stone Soup version 0.28-a0-80-g9707f7362f (webtiles) character file.

Game seed: 9155394560971070664

2216 PentaManta the Grappler (level 9, -1/79 HPs)
             Began as a Ghoul Monk on Aug 4, 2021.
             Was an Initiate of Ru.
             Slain by an ogre (22 damage)
             ... on level 6 of the Dungeon.
             The game lasted 00:14:24 (8133 turns).

PentaManta the Grappler (Ghoul Monk)                Turns: 8133, Time: 00:14:25

Health: -1/79      AC:  6    Str: 18    XL:     9   Next: 35%
Magic:  8/8        EV: 10    Int: 17    God:    Ru [......]
Gold:   229        SH:  6    Dex: 11    Spells: 8/8 levels left

rFire   . . .      SeeInvis .     - Unarmed
rCold   + . .      Faith    .   B - +2 buckler
rNeg    + + +      Spirit   .   u - +0 scale mail
rPois   ∞          Reflect  .   (no helmet)
rElec   .          Harm     .   (no cloak)
rCorr   .          Rampage  .   (no gloves)
Will    .....                   (no boots)
Stlth   ..........              (no amulet)
HPRegen 0.00/turn               s - +6 ring of intelligence
MPRegen 0.11/turn               d - +6 ring of intelligence

@: inhibited regen
A: claws 1, cold resistance 1, negative energy resistance 3, inhibited
regeneration, torment resistance 2, no stealth
a: Renounce Religion


You were on level 6 of the Dungeon.
You worshipped Ru.
Ru was noncommittal.
You visited 2 branches of the dungeon, and saw 8 of its levels.

You collected 229 gold pieces.

Inventory:

Hand Weapons
 c - a +1 dagger of venom
 F - the +4 spear "Doawob" {flame, Will+ rCorr Int+2 Stlth+}
   (You found it on level 5 of the Dungeon)

   It burns those it strikes, dealing additional fire damage.
   Int:       It affects your intelligence (+2).
   rCorr:     It protects you from acid and corrosion.
   Will:      It increases your willpower.
   Stlth:     It makes you more stealthy.
Missiles
 f - 7 javelins (quivered)
 o - 25 poisoned darts
 y - 3 silver boomerangs
Armour
 m - a +0 chain mail
 p - a +0 tower shield
 u - a +0 scale mail (worn)
 B - a +2 buckler (worn)
Jewellery
 d - a +6 ring of intelligence (right claw)
 s - a +6 ring of intelligence (left claw)
Wands
 A - a wand of digging (4)
 E - a wand of flame (16)
Scrolls
 a - a scroll of immolation {unknown}
 h - a scroll of fear {unknown}
 i - a scroll of holy word {unknown}
 j - 8 scrolls of identify {unknown}
 l - a scroll of amnesia {unknown}
 r - 2 scrolls of teleportation {unknown}
 v - a scroll of noise {unknown}
 w - a scroll of enchant weapon {unknown}
 x - a scroll of magic mapping {unknown}
 C - a scroll of blinking {unknown}
Potions
 b - 6 potions of curing {unknown}
 e - a potion of invisibility {unknown}
 g - a potion of heal wounds {unknown}
 k - a potion of might {unknown}
 n - a potion of attraction {unknown}
 q - a potion of mutation {unknown}
 t - a potion of lignification {unknown}
 z - 2 potions of degeneration {unknown}
 D - a potion of flight {unknown}


   Skills:
 + Level 7.4 Fighting
 - Level 2.6 Dodging
 - Level 4.0 Shields
 * Level 10.7 Unarmed Combat


You had 8 spell levels left.
You didn't know any spells.
Your spell library contained the following spells:

 Spells                   Type           Power      Damage    Failure   Level
 Animate Skeleton         Necr           0%         N/A       63%         1
 Apportation              Tloc           0%         N/A       63%         1
 Corona                   Hex            0%         N/A       63%         1
 Sandblast                Erth           0%         2d4       63%         1
 Summon Small Mammal      Summ           0%         N/A       63%         1
 Blink                    Tloc           N/A        N/A       77%         2
 Corpse Rot               Necr/Air       N/A        N/A       77%         2
 Ensorcelled Hibernation  Hex/Ice        0%         N/A       77%         2
 Passwall                 Tmut/Erth      0%         N/A       77%         2
 Poisonous Vapours        Pois/Air       0%         N/A       77%         2
 Call Canine Familiar     Summ           0%         N/A       94%         3
 Lesser Beckoning         Tloc           0%         N/A       94%         3
 Portal Projectile        Hex/Tloc       0%         N/A       94%         3
 Stone Arrow              Conj/Erth      0%         3d7       94%         3
 Tukima's Dance           Hex            0%         N/A       94%         3
 Leda's Liquefaction      Hex/Erth       0%         N/A       100%        4
 Bolt of Magma            Conj/Fire/Erth 0%         4d4       100%        5
 Freezing Cloud           Conj/Ice/Air   0%         6-21      100%        5
 Lee's Rapid Deconstruct  Erth           0%         3d5*      100%        5
 Manifold Assault         Tloc           0%         N/A       100%        5
 Shatter                  Erth           0%         3d5*      100%        9


Dungeon Overview and Level Annotations

Branches:
Dungeon (7/15)             Temple (1/1) D:5

Altars:
Ashenzari
Cheibriados
Dithmenos
Elyvilon
Fedhas
Hepliaklqana
Kikubaaqudgha
Makhleb
Qazlal
Ru
Uskayaw
Vehumet
Xom
Yredelemnul
Zin
The Shining One


Innate Abilities, Weirdness & Mutations

You thrive by killing the living.
You are immune to poison.
You have sharp fingernails.
Your flesh is cold resistant. (rC+)
You are immune to negative energy. (rN+++)
You do not regenerate when monsters are visible.
You are immune to unholy pain and torment.
You cannot be stealthy.


Message History

An ogre and a phantom come into view.
There are monsters nearby!
There are monsters nearby!
There are monsters nearby!
Found a dagger.
The ogre hits you with a +0 giant club!!
There is a stone staircase leading down here.
The phantom hits you.
The phantom blinks!
You blink.
You stop descending the stairs.
Found a stone staircase leading up.
You closely miss the phantom. You closely miss the phantom.
The phantom barely misses you.
You claw the phantom!
The phantom is moderately damaged.
The phantom hits you.
You scratch the phantom.
The phantom is moderately damaged.
The phantom hits you.
You claw the phantom!
The phantom is severely damaged.
The phantom barely misses you.
You claw the phantom!
You destroy the phantom!
No target in view!
The ogre closely misses you. You block the ogre's attack.
You see here a +0 whip.
You closely miss the ogre. The ogre hits you with a +0 giant club!
You scratch the ogre.
The ogre is moderately wounded.
You scratch the ogre.
The ogre is heavily wounded.
The ogre hits you with a +0 giant club!
* * * LOW HITPOINT WARNING * * *
You claw the ogre!
The ogre is severely wounded.
You barely miss the ogre.
The ogre is severely wounded.
The ogre hits you with a +0 giant club!!
You die...

#. ##.## ##....#.#.. ###. ###
#...# ###..##.... #... ..# #...#
#.........# #.#. #.# #...#
#.#..##.#.. ....###.# #...#
##.#.....#.#
#...##.######...#####...[......#
#.#.##.#....†.......>..#.##....#
#......................#........
#....###.......@......##....#.##
#...... ######..O#####.##.##.#.#
........ #...# #.##.##)PP.
#.......# #...# #.....P.≈≈♣
##....### #...# ####..Z≈.≈.
...... #...# .♣≈P≈.≈ ##.#..#
##.## .♣ ≈;≈≈ ... .. ≈≈≈ ..# ..
≈S


You could see an ogre.

Vanquished Creatures
  6 yaks
  A water moccasin (D:4)
  A black bear (D:5)
  An ogre (D:5)
  A centaur (D:6)
  A phantom (D:6)
  2 bullfrogs
  3 scorpions
  A bullfrog zombie (D:5)
  3 orc priests
  3 hounds
  A centaur skeleton (D:4)
  Ijyb (D:5)
  3 iguanas (D:4)
  An orc wizard (D:4)
  A hound skeleton (D:4)
  A howler monkey skeleton (D:6)
  4 gnolls
  7 adders
  A white imp (D:4)
  3 worms
  5 dart slugs
  12 orcs
  4 ball pythons
  7 endoplasms
  5 giant cockroaches
  9 goblins
  8 hobgoblins
  8 jackals
  7 kobolds
  4 quokkas
  2 bats
  4 frilled lizards
  13 rats
134 creatures vanquished.

Vanquished Creatures (others)
  2 plants (D:6)
2 creatures vanquished.

Grand Total: 136 creatures vanquished

Notes
Turn   | Place    | Note
-------+----------+-------------------------------------------
     0 | D:1      | PentaManta the Ghoul Monk began the quest for the Orb.
     0 | D:1      | Reached XP level 1. HP: 19/19 MP: 0/0
   123 | D:1      | Reached XP level 2. HP: 22/26 MP: 1/1
   265 | D:1      | Reached skill level 4 in Unarmed Combat
   507 | D:1      | Found a faded altar of an unknown god.
   723 | D:1      | Reached XP level 3. HP: 31/31 MP: 2/2
  1756 | D:2      | Reached skill level 5 in Unarmed Combat
  2048 | D:2      | Reached XP level 4. HP: 28/38 MP: 3/3
  2239 | D:2      | Reached skill level 1 in Shields
  3106 | D:3      | Reached XP level 5. HP: 44/45 MP: 4/4
  4114 | D:4      | Noticed a shadow
  4144 | D:4      | Reached XP level 6. HP: 52/52 MP: 5/5
  4158 | D:4      | Reached skill level 6 in Unarmed Combat
  4482 | D:4      | Found a shadowy altar of Dithmenos.
  4483 | D:4      | Found a hazy altar of Hepliaklqana.
  4568 | D:4      | Noticed a water moccasin
  4577 | D:4      | Killed a water moccasin
  4648 | D:4      | Found a hide-covered altar of Uskayaw.
  4740 | D:4      | Reached XP level 7. HP: 59/59 MP: 6/6
  5124 | D:5      | Entered Level 5 of the Dungeon
  5312 | D:5      | Noticed a yak
  5314 | D:5      | Reached skill level 7 in Unarmed Combat
  5337 | D:5      | Killed a yak
  5524 | D:5      | Reached skill level 5 in Fighting
  5541 | D:4      | Reached XP level 8. HP: 14/68 MP: 7/7
  5800 | D:5      | Noticed a yak
  5800 | D:5      | Noticed a yak
  5801 | D:5      | Noticed Ijyb
  5801 | D:5      | Noticed a yak
  5904 | D:5      | Found a staircase to the Ecumenical Temple.
  5914 | Temple   | Entered the Ecumenical Temple
  6122 | Temple   | Became a worshipper of Ru the Awakened
  6135 | Temple   | Gained mutation: You cannot be stealthy. [Ru sacrifice]
  6209 | D:5      | Killed Ijyb
  6210 | D:5      | Reached skill level 8 in Unarmed Combat
  6227 | D:5      | You fall into a shaft and drop 2 floors!
  6913 | D:5      | Reached skill level 9 in Unarmed Combat
  6972 | D:5      | Noticed a yak
  6973 | D:5      | Noticed a yak
  7345 | D:4      | Killed a yak
  7349 | D:4      | Killed a yak
  7450 | D:4      | Killed a yak
  7451 | D:4      | Reached skill level 10 in Unarmed Combat
  7451 | D:4      | Reached XP level 9. HP: 53/78 MP: 8/8
  8013 | D:5      | Identified the +4 spear "Doawob" {flame, Will+ rCorr Int+2
                  | Stlth+}
  8133 | D:6      | Slain by an ogre

Illustrated notes

Levels and vault maps discovered:
D:1:      saegor_arrival_simple_d, layout_basic,
          ebering_ecumenical_altar_sacrificial, minmay_misc_feat_encased,
          st_stairs_8
D:2:      layout_basic
D:3:      layout_basic, kennysheep_flooded_box, nrook_loot_triangle,
          minmay_joined_circles
D:4:      layout_basic, riverfiend_overflow_shadow_ancestor,
          mainiacjoe_overflow_concentric_impassable, minmay_door_square
D:5:      layout_cave_pools, minmay_temple_entry_statues_pillars, uniq_ijyb
D:6:      layout_loops_cross, serial_bayou_pond_b, minivault_23
D:7:      layout_loops_ring, uniq_pikel, uniq_crazy_yiuf_cottage,
          uniq_prince_ribbit1
Temple:   nicolae_temple_figure_eight

Skill      XL: |  1  2  3  4  5  6  7  8  9 |
---------------+----------------------------+-----
Unarmed Combat | 4 5 6 7 10 | 10.7
Shields        | 1 2 3 4 |  4.0
Fighting       | 4 5 6 7 |  7.4
Stealth        | 0 |  0.0
Dodging        | |  2.6

Action                   |  1- 3 |  4- 6 |  7- 9 || total
-------------------------+-------+-------+-------++-------
Melee: Unarmed           |   124 |   184 |   167 ||   475
       Punch             |     1 |       |       ||     1
Invok: Sacrifice Stealth |       |       |     1 ||     1
 Stab: Sleeping          |     4 |     1 |       ||     5
Armor: Robe              |    11 |     8 |       ||    19
       Chain mail        |       |     5 |       ||     5
       Ring mail         |       |    21 |       ||    21
       Scale mail        |       |    27 |    29 ||    56
Dodge: Dodged            |    59 |    63 |    59 ||   181
Block: Buckler           |     4 |    32 |    49 ||    85

Table legend: (Time is in decaauts)
 A = Elapsed time spent in this place.
 B = Non-inter-level travel time spent in this place.
 C = Inter-level travel time spent in this place.
 D = Time resting spent in this place.
 E = Time spent auto-exploring this place.
 F = Levels seen in this place.
 G = Mean time per level.
                   A        B        C        D        E       F      G
               +--------+--------+--------+--------+--------+-----+--------+
         Total |   8097 |   7661 |    436 |   2307 |   3865 |   8 | 1012.1 |
       Dungeon |   7870 |   7449 |    421 |   2307 |   3677 |   7 | 1124.3 |
        Temple |    226 |    211 |     15 |      0 |    188 |   1 |  226.0 |
               +--------+--------+--------+--------+--------+-----+--------+

Top non-repeatable levels by time:
     D:4: 1859 daAuts
     D:1: 1563 daAuts
     D:3: 1335 daAuts
     D:2: 1321 daAuts
     D:5: 1107 daAuts
     D:6: 403 daAuts
     D:7: 279 daAuts
  Temple: 226 daAuts
